 Dungeon Crawl Stone Soup version 0.27.0-1-g7a089689b8 (webtiles) character file.

Game seed: 15603761005342699806

5119 inmateoo the Grappler (level 10, -4/98 HPs)
             Began as a Troll Hunter on Aug 9, 2021.
             Was an Elder of Okawaru.
             Slain by a red devil (12 damage)
             ... summoned by a kobold demonologist
             ... in a bailey.
             The game lasted 00:09:15 (5545 turns).

inmateoo the Grappler (Troll Hunter)                Turns: 5545, Time: 00:09:15

Health: -4/98      AC:  8    Str: 22      XL:     10   Next: 32%
Magic:  12/12      EV: 13    Int:  7      God:    Okawaru [****..]
Gold:   283        SH:  0    Dex: 11 (13) Spells: 9/9 levels left

rFire    + + .     SeeInvis .     - Unarmed
rCold    + + .     Faith    .   (no shield)
rNeg     . . .     Spirit   .   f - +0 steam dragon scales
rPois    +         Reflect  .   (helmet restricted)
rElec    +         Harm     .   b - scarf {rC+ rF+}
rCorr    +         Rampage  .   (gloves unavailable)
Will     ++...                  (boots unavailable)
Stlth    +++.......             (no amulet)
HPRegen  1.26/turn              l - ring of willpower
MPRegen  0.13/turn              n - ring of willpower

@: resistant, heroic
A: large, unfitting armour, claws 3, regeneration 1, shaggy fur 1, tough skin 1
a: Renounce Religion, Heroism


You were in a bailey.
You worshipped Okawaru.
Okawaru was greatly pleased with you.
You visited 1 branch of the dungeon, and saw 7 of its levels.
You also visited: Bailey.

You collected 325 gold pieces.
You spent 42 gold pieces at shops.

Inventory:

Missiles
 c - 5 large rocks
 d - 2 throwing nets
 g - 10 boomerangs (quivered)
 v - 2 javelins
Armour
 b - a scarf of resistance (worn)
 f - +0 steam dragon scales (worn)
Jewellery
 l - a ring of willpower (left claw)
 n - a ring of willpower (right claw)
Wands
 m - a wand of flame (18)
 p - a wand of iceblast (12)
 s - a wand of polymorph (5)
 t - a wand of paralysis (7)
Scrolls
 q - a scroll of amnesia {unknown}
 r - 3 scrolls of teleportation
Potions
 a - 2 potions of mutation
 e - a potion of heal wounds
 h - a potion of curing
 i - 3 potions of might {unknown}
 j - a potion of lignification {unknown}
 k - a potion of resistance
 o - a potion of berserk rage {unknown}
 u - a potion of cancellation {unknown}
 w - a potion of haste {unknown}


   Skills:
 + Level 5.7(10.7) Fighting
 + Level 6.4(11.4) Throwing
 - Level 5.0(10.0) Dodging
 - Level 0.3(5.3) Stealth
 * Level 9.6(14.6) Unarmed Combat
 - Level 5.0 Invocations


You had 9 spell levels left.
You didn't know any spells.
Your spell library contained the following spells:

 Spells                   Type           Power      Damage    Failure   Level
 Conjure Flame            Conj/Fire      0%         6-21      80%         3
 Ignite Poison            Fire/Tmut/Pois 0%         N/A       80%         3
 Sticky Flame             Conj/Fire      0%         2d3       99%         4


Dungeon Overview and Level Annotations

Branches:
Dungeon (7/15)             Temple (0/1) D:5          Bailey (1/1)

Altars:
Fedhas
Kikubaaqudgha
Makhleb
Nemelex Xobeh
Okawaru
Wu Jian
Xom
Yredelemnul
Zin
The Shining One

Shops:
D:7 **


Innate Abilities, Weirdness & Mutations

You are too large for most types of armour.
You have claws for hands.
Your natural rate of healing is unusually fast.
You are covered in fur. (AC +1)
You have tough skin. (AC +1)


Message History

* * * LOW HITPOINT WARNING * * *
You miss the kobold demonologist. The orc closely misses you.
The quasit barely misses you.
The quasit claws you but does no damage.
The quasit claws you.
* * * LOW HITPOINT WARNING * * *
The kobold demonologist looks braver for a moment.
The quasit bites you but does no damage.
The quasit closely misses you. The quasit barely misses you.
The red devil closely misses you.
Unknown command.
Okay, then.
Okay, then.
You feel protected. The sun demon barely misses you.
The quasit bites you but does no damage.
The quasit barely misses you.
The quasit claws you but does no damage.
The quasit completely misses you. The quasit barely misses you. x2
The orc hits you but does no damage.
The kobold demonologist hits you with a +0 battleaxe.
* * * LOW HITPOINT WARNING * * *
The sun demon misses you.
The red devil hits you from afar with a +0 trident.
* * * LOW HITPOINT WARNING * * *
You mangle the kobold demonologist!! You claw the kobold demonologist.
The kobold demonologist is almost dead.
The quasit bites you but does no damage.
The quasit claws you but does no damage. x2
The quasit barely misses you. The quasit closely misses you.
The quasit misses you. The orc misses you. The sun demon hits you!
* * * LOW HITPOINT WARNING * * *
You are engulfed in flames.
You resist.
* * * LOW HITPOINT WARNING * * *
You barely miss the kobold demonologist.
You claw the kobold demonologist.
The kobold demonologist is almost dead.
The kobold demonologist misses you.
The red devil hits you from afar with a +0 trident!
You die...

...≈≈≈≈≈.#.....#
.........'.....# ....#
.........'..⌠..# .._.#
.........'.....# ....#+#
...≈≈≈≈≈.#.....# ....#..
...≈≈≈≈≈.#''#####....#..
##.≈≈≈≈))#......#....#..
#≈≈≈≈≈).#.....o#5g..#
#≈≈≈≈≈######..5@K..#
#≈≈≈≈≈# #.8.838.+
#≈≈≈≈≈# #....4..#
#≈≈≈≈≈# #######+#
#≈≈≈≈≈# #≈≈≈≈≈# #≈≈≈≈≈


You could see a sun demon (summoned), a kobold demonologist, a red devil
(summoned), 2 quasits, an orc and a hobgoblin.

Vanquished Creatures
  Pikel (D:5)
  An orc sorcerer (Bailey)
  Maggie (D:7)
  The ghost of coffeespoons the Gusty, a novice OpAE of Gozag (D:5)
  Grinder (D:5)
  Eustachio (D:5)
  A steam dragon (D:4)
  Edmund (D:5)
  Duvessa (D:4)
  2 water moccasins
  3 orc warriors
  An ice beast (D:7)
  A black bear (D:6)
  An ogre (D:5)
  A lemure (D:5)
  9 kobold brigands
  A bullfrog (D:6)
  A gnoll sergeant (D:5)
  3 scorpions
  Dowan (D:4)
  A wyvern skeleton (D:5)
  A water moccasin skeleton (D:5)
  4 killer bees (D:7)
  2 electric eels (Bailey)
  8 wights
  A hound (D:4)
  2 orc priests (D:6)
  2 jellies
  Crazy Yiuf (D:3)
  Terence (D:3)
  4 orc wizards
  A hound skeleton (D:4)
  A howler monkey zombie (D:6)
  A howler monkey skeleton (D:7)
  7 adders
  14 gnolls
  A dart slug (D:2)
  19 orcs
  10 bats
  2 bat zombies (D:6)
  9 endoplasms
  4 giant cockroaches
  13 goblins
  8 hobgoblins
  9 jackals
  A quokka (D:5)
  4 ball pythons
  7 frilled lizards
  12 kobolds
  5 rats
  A rat zombie (D:6)
189 creatures vanquished.

Vanquished Creatures (others)
  A goblin (D:4)
  4 fungi
  A plant (D:6)
6 creatures vanquished.

Grand Total: 195 creatures vanquished

Notes
Turn   | Place    | Note
-------+----------+-------------------------------------------
     0 | D:1      | inmateoo the Troll Hunter began the quest for the Orb.
     0 | D:1      | Reached XP level 1. HP: 19/19 MP: 0/0
    33 | D:1      | Reached skill level 1 in Unarmed Combat
   134 | D:1      | Reached XP level 2. HP: 22/28 MP: 1/1
   276 | D:1      | Reached skill level 2 in Unarmed Combat
   326 | D:1      | Reached XP level 3. HP: 35/35 MP: 2/2
  1023 | D:3      | Reached skill level 3 in Unarmed Combat
  1023 | D:3      | Reached XP level 4. HP: 31/44 MP: 3/3
  1306 | D:3      | Reached XP level 5. HP: 48/50 MP: 4/4
  1345 | D:3      | Reached skill level 4 in Unarmed Combat
  1411 | D:3      | Noticed Terence
  1415 | D:3      | Killed Terence
  1510 | D:3      | Found a faded altar of an unknown god.
  1708 | D:3      | Found an ornate altar of the Wu Jian Council.
  1708 | D:3      | Found an iron altar of Okawaru.
  1869 | D:3      | Became a worshipper of Warmaster Okawaru
  2322 | D:3      | Found a runed translucent door.
  2323 | D:3      | Noticed Crazy Yiuf
  2331 | D:3      | Killed Crazy Yiuf
  2389 | D:4      | Noticed a steam dragon
  2397 | D:4      | Killed a steam dragon
  2398 | D:4      | Reached skill level 5 in Unarmed Combat
  2398 | D:4      | Reached skill level 1 in Invocations
  2398 | D:4      | Reached XP level 6. HP: 55/61 MP: 5/5
  2521 | D:4      | Identified a scroll of acquirement
  2521 | D:4      | Acquired a scarf of resistance
  2660 | D:4      | Found an ornate altar of the Wu Jian Council.
  2662 | D:4      | Found a burning altar of Makhleb.
  2662 | D:4      | Found a basalt altar of Yredelemnul.
  2664 | D:4      | Found a shimmering altar of Xom.
  2664 | D:4      | Found a basalt altar of Yredelemnul.
  2664 | D:4      | Found a shimmering altar of Xom.
  2748 | D:4      | Noticed Duvessa
  2750 | D:4      | Noticed Dowan
  2757 | D:4      | Killed Duvessa
  2757 | D:4      | Reached * piety under Okawaru
  2758 | D:4      | Reached XP level 7. HP: 63/67 MP: 5/7
  2763 | D:4      | Killed Dowan
  3014 | D:5      | Entered Level 5 of the Dungeon
  3093 | D:5      | Found a staircase to the Ecumenical Temple.
  3126 | D:5      | Noticed Grinder
  3136 | D:5      | Killed Grinder
  3136 | D:5      | Reached ** piety under Okawaru
  3137 | D:5      | Reached skill level 6 in Unarmed Combat
  3250 | D:5      | Reached XP level 8. HP: 56/78 MP: 8/8
  3350 | D:5      | Noticed Eustachio
  3373 | D:5      | Killed Eustachio
  3667 | D:5      | Found a sparkling altar of Nemelex Xobeh.
  4026 | D:6      | Noticed Edmund
  4040 | D:5      | Killed Edmund
  4040 | D:5      | Reached *** piety under Okawaru
  4041 | D:5      | Reached skill level 7 in Unarmed Combat
  4060 | D:6      | Found a runed translucent gate.
  4061 | D:6      | Found a runed translucent gate.
  4061 | D:6      | Noticed coffeespoons's ghost (novice OpAE)
  4062 | D:6      | Found a runed translucent gate.
  4075 | D:6      | Noticed Pikel
  4157 | D:5      | Reached skill level 5 in Throwing
  4172 | D:5      | Killed Pikel
  4173 | D:5      | Reached XP level 9. HP: 62/85 MP: 10/10
  4411 | D:6      | Reached skill level 8 in Unarmed Combat
  4648 | D:6      | Found an ancient bone altar of Kikubaaqudgha.
  4764 | D:6      | Found a blossoming altar of Fedhas.
  4764 | D:6      | Found a glowing golden altar of the Shining One.
  4770 | D:6      | Found a faded altar of an unknown god.
  4772 | D:6      | Found a glowing silver altar of Zin.
  4774 | D:6      | Found a faded altar of an unknown god.
  4873 | D:5      | Reached skill level 5 in Fighting
  4930 | D:5      | Killed coffeespoons's ghost
  4930 | D:5      | Reached **** piety under Okawaru
  5172 | D:7      | Noticed Maggie
  5183 | D:7      | Killed Maggie
  5184 | D:7      | Reached skill level 9 in Unarmed Combat
  5184 | D:7      | Reached XP level 10. HP: 61/89 MP: 12/12
  5235 | D:7      | Found Eshielilu's Specific Store.
  5237 | D:7      | Found Zuoleaqo's General Store.
  5274 | D:7      | Bought a scroll of teleportation for 42 gold pieces
  5343 | D:7      | Received a gift from Okawaru
  5350 | D:7      | Reached skill level 5 in Invocations
  5391 | D:7      | Found a flagged portal.
  5396 | Bailey   | Entered a bailey
  5482 | Bailey   | Reached skill level 5 in Dodging
  5522 | Bailey   | Found an iron altar of Okawaru.
  5522 | Bailey   | Noticed an orc sorcerer
  5532 | Bailey   | Noticed a sun demon
  5533 | Bailey   | Killed an orc sorcerer
  5545 | Bailey   | Slain by a red devil

Illustrated notes

Levels and vault maps discovered:
D:1:      dpeg_arrival_morbid_curiosity, layout_loops_ring, st_stairs_3,
          minmay_close_crescents
D:2:      layout_basic
D:3:      layout_rooms, gammafunk_temple_overflow_elements,
          hellmonk_ecumenical_altar_pennies_from_heaven, uniq_terence,
          uniq_crazy_yiuf_cottage
D:4:      layout_loops_ring, doesnt_xom_only_xom, uniq_duvessa
D:5:      layout_loops_ring, nemelex_xobeh_ov_fountains_minmay,
          minmay_temple_entry_grid, minmay_strange_pillars, uniq_grinder,
          uniq_eustachio
D:6:      layout_cave_pools, lemuel_zombie_altar_kikubaaqudgha,
          chequers_temple_overflow_minitemple, gammafunk_ghost_nasty_kobolds,
          uniq_edmund, uniq_pikel
D:7:      layout_basic, minitemple, enter_bailey_3, nicolae_specific_store,
          uniq_maggie
Bailey:   bailey_axe_of_yendor_kennysheep, bailey

Skill      XL: |  1  2  3  4  5  6  7  8  9 10 |
---------------+-------------------------------+-----
Unarmed Combat | 1 2 3 5 6 7 9 |  9.6
Fighting       | 2 3 4 5 |  5.7
Invocations    | 1 2 3 4 5 |  5.0
Dodging        | 2 3 4 5 |  5.0
Throwing       | 4 5 6 |  6.4
Stealth        | |  0.3

Action                   |  1- 3 |  4- 6 |  7- 9 | 10-12 || total
-------------------------+-------+-------+-------+-------++-------
Melee: Unarmed           |   103 |   144 |   249 |    84 ||   580
       Punch             |       |     3 |     8 |     8 ||    19
Throw: Boomerang         |     3 |     2 |    24 |    27 ||    56
       Large rock        |       |     2 |     2 |     1 ||     5
       Throwing net      |       |     1 |       |       ||     1
Invok: Heroism           |       |       |       |     2 ||     2
  Use: Scroll            |       |     8 |     4 |     2 ||    14
       Potion            |       |       |       |     1 ||     1
 Stab: Sleeping          |     1 |       |     1 |       ||     2
Armor: Robe              |    64 |    42 |       |       ||   106
       Steam dragon scal |       |     8 |   108 |    50 ||   166
Dodge: Dodged            |    66 |    79 |   162 |    76 ||   383
